Map: Eternal Empire LE

Players

Harstem - Winner!

  • Race: Protoss Protoss
  • League: Master
  • Spawn Location: 1:00

Namshar

  • Race: Zerg Zerg
  • League: Grandmaster
  • Spawn Location: 7:00

VOD

https://www.youtube.com/watch?v=FzoEcCD5ibE#t=22m21s

Description

Time

  • Played on: April 8, 2020, 1:45 p.m.
  • Length: 16:06
Show
View Real Time Build Order
Export as new Build Order

Harstem Protoss - Winner!

Build Orders: 1 Gate Expand, Oracle Opening, Carriers, Zealot Archon 

Get SALT Encoding   

  12  0:00  Probe  
  13  0:12  Probe  
  14  0:18  Pylon  
  14  0:24  Probe (Chrono Boost)  
  15  0:37  Probe (Chrono Boost)  
  15  0:38  Gateway  
  16  0:45  Probe (Chrono Boost)  
  16  0:48  Assimilator  
  17  0:51  Probe  
  18  1:03  Probe  
  19  1:15  Probe  
  20  1:23  Nexus  
  20  1:33  Cybernetics Core  
  20  1:36  Probe  
  21  1:41  Assimilator  
  21  1:48  Probe  
  21  1:51  Pylon  
  22  2:00  Probe  
  23  2:07  Adept (Chrono Boost)  
  23  2:12  Probe  
  26  2:16  Stargate  
  26  2:25  Probe (Chrono Boost)  
  26  2:27  Adept (Chrono Boost)  
  26  2:28  Warp Gate  
  27  2:35  Probe (Chrono Boost)  
  31  2:42  Probe (Chrono Boost)  
  32  2:44  Probe (Chrono Boost)  
  32  2:49  Probe x2 (Chrono Boost), Adept  
  36  2:59  Oracle (Chrono Boost)  
  36  3:00  Probe  
  36  3:01  Probe  
  41  3:08  Pylon  
  41  3:13  Probe x2  
  43  3:22  Gateway  
  43  3:25  Probe  
  44  3:28  Oracle (Chrono Boost)  
  44  3:29  Probe  
  44  3:33  Adept  
  50  3:35  Pylon  
  50  3:37  Probe  
  51  3:41  Probe  
  52  3:49  Probe  
  53  4:00  Nexus  
  53  4:05  Probe  
  53  4:07  Probe  
  55  4:13  Pylon  
  55  4:15  Assimilator  
  55  4:16  Adept  
  58  4:17  Probe, Adept  
  58  4:19  Probe, Assimilator  
  58  4:23  Robotics Facility  
  61  4:26  Pylon  
  61  4:31  Probe (Chrono Boost)  
  63  4:32  Probe (Chrono Boost)  
  63  4:39  Sentry x2  
  63  4:41  Pylon  
  63  4:42  Probe (Chrono Boost)  
  63  4:45  Probe (Chrono Boost)  
  69  4:47  Probe (Chrono Boost)  
  70  4:53  Probe  
  70  4:57  Probe  
  68  5:05  Probe  
  67  5:09  Probe  
  67  5:11  Immortal (Chrono Boost)  
  67  5:13  Probe (Chrono Boost)  
  69  5:17  Zealot, Forge, Sentry  
  69  5:18  Twilight Council  
  69  5:20  Probe (Chrono Boost)  
  72  5:22  Probe (Chrono Boost)  
  72  5:25  Probe (Chrono Boost)  
  74  5:30  Gateway  
  74  5:33  Probe x2 (Chrono Boost), Gateway  
  74  5:35  Shield Battery  
  76  5:39  Zealot  
  76  5:40  Adept  
  80  5:46  Probe  
  80  5:49  Probe  
  78  5:54  Probe  
  76  5:58  Probe  
  76  6:00  Sentry  
  76  6:01  Probe (Chrono Boost), Sentry  
  76  6:03  Protoss Ground Weapons Level 1 (Chrono Boost)  
  78  6:04  Assimilator x2  
  78  6:06  Charge  
  78  6:09  Probe (Chrono Boost)  
  78  6:10  Gateway  
  80  6:11  Pylon  
  80  6:13  Probe (Chrono Boost)  
  80  6:15  Probe (Chrono Boost)  
  80  6:17  Pylon  
  82  6:21  Templar Archives  
  82  6:22  Probe (Chrono Boost)  
  82  6:23  Gateway  
  82  6:24  Probe (Chrono Boost), Gateway  
  83  6:26  Probe (Chrono Boost)  
  83  6:30  Warp Prism (Chrono Boost)  
  86  6:41  Gateway  
  86  6:42  Gateway, Photon Cannon  
  86  6:47  Zealot, Sentry  
  86  6:48  Zealot  
  86  6:51  Pylon  
  86  6:53  Pylon  
  92  6:59  Colossus (Chrono Boost)  
  92  7:03  Warp Prism (Chrono Boost)  
  92  7:06  High Templar x2  
  98  7:10  Archon, High Templar x2  
  98  7:12  Zealot  
  104  7:16  Archon  
  104  7:18  Zealot  
  104  7:20  Phoenix (Chrono Boost)  
  104  7:21  Pylon  
  104  7:22  Nexus  
  108  7:23  Pylon  
  108  7:25  Zealot  
  110  7:36  Probe  
  111  7:41  High Templar x4  
  111  7:42  Zealot x3  
  125  7:46  Photon Cannon  
  125  7:48  Archon x2  
  125  7:54  Immortal (Chrono Boost)  
  125  7:55  Zealot x2  
  131  8:08  Zealot x2  
  131  8:09  Zealot, Protoss Ground Weapons Level 2  
  137  8:13  Psionic Storm  
  137  8:15  Probe  
  137  8:16  Probe  
  137  8:19  Zealot x5  
  149  8:26  Pylon  
  149  8:29  Unknown, Pylon  
  149  8:34  Probe  
  150  8:38  Zealot x3  
  150  8:39  Zealot  
  156  8:43  High Templar x2  
  156  8:46  High Templar  
  156  8:47  Photon Cannon  
  162  8:51  Photon Cannon  
  162  8:52  Observer (Chrono Boost)  
  162  8:55  High Templar  
  165  8:56  Probe  
  165  8:59  Photon Cannon  
  165  9:00  High Templar, Pylon  
  165  9:01  Shield Battery  
  168  9:03  Pylon  
  168  9:07  Immortal (Chrono Boost)  
  166  9:22  Zealot  
  166  9:23  Zealot x6  
  180  9:29  High Templar  
  180  9:30  Probe  
  167  9:39  Warp Prism (Chrono Boost)  
  157  9:53  Probe  
  157  9:55  High Templar  
  157  9:56  High Templar, Fleet Beacon  
  157  9:57  Zealot x3, Photon Cannon  
  157  9:58  Stargate  
  168  10:00  Pylon, Photon Cannon  
  164  10:09  Probe, Shield Battery  
  165  10:14  Zealot x2, Stalker  
  165  10:15  Zealot  
  173  10:24  Zealot x3  
  179  10:32  Stargate  
  179  10:39  Mothership (Chrono Boost)  
  187  10:44  Nexus  
  187  10:53  Carrier x2 (Chrono Boost)  
  191  11:09  Zealot x8  
  191  11:10  Zealot  
  195  11:13  Protoss Ground Weapons Level 3 (Chrono Boost)  
  195  11:16  Warp Prism (Chrono Boost)  
  169  11:25  Probe  
  169  11:27  Pylon  
  169  11:30  Assimilator  
  170  11:35  Assimilator  
  170  11:37  Zealot x6  
  170  11:38  Zealot x3  
  186  11:52  Carrier (Chrono Boost)  
  192  11:59  Carrier (Chrono Boost)  
  194  12:02  Zealot x2, High Templar  
  200  12:15  Zealot x2  
  194  12:17  Zealot x2  
  194  12:18  Zealot x2  
  194  12:19  Carrier (Chrono Boost)  
  160  12:33  Zealot  
  142  12:38  Zealot x2  
  142  12:39  Zealot x3  
  130  12:52  High Templar  
  130  12:53  Pylon  
  130  12:56  Carrier (Chrono Boost)  
  130  12:59  Carrier (Chrono Boost)  
  130  13:01  Zealot x5  
  140  13:08  Pylon  
  140  13:10  Pylon  
  138  13:13  Probe x2  
  138  13:14  Probe  
  138  13:15  Probe  
  134  13:20  High Templar  
  134  13:24  High Templar  
  134  13:25  High Templar x4  
  146  13:32  Photon Cannon  
  146  13:34  Cybernetics Core  
  140  13:42  Zealot  
  140  13:44  Probe x3  
  140  13:45  Probe  
  146  13:51  Photon Cannon  
  146  13:53  Immortal (Chrono Boost)  
  146  13:59  High Templar x3  
  146  14:00  High Templar  
  156  14:03  Archon  
  156  14:17  Probe, High Templar  
  156  14:18  Probe  
  156  14:19  High Templar x2  
  156  14:21  Probe  
  165  14:28  Archon  
  165  14:30  Gateway  
  165  14:32  Pylon  
  165  14:35  Photon Cannon  
  165  14:36  Shield Battery  
  171  14:42  Carrier (Chrono Boost)  
  171  14:51  Zealot, Carrier (Chrono Boost)  
  171  14:52  High Templar  
  171  14:53  High Templar  
  171  14:56  Probe  
  171  14:59  Zealot x2  
  186  15:00  Photon Cannon  
  186  15:02  Archon  
  186  15:03  Probe  
  186  15:04  Photon Cannon  
  186  15:05  Probe  
  186  15:06  Probe  
  189  15:07  Shield Battery  
  189  15:17  High Templar  
  187  15:28  Zealot x6, Sentry  
  193  15:49  Sentry x2  
  197  15:51  Zealot  
  197  16:02  Photon Cannon  
  197  16:03  High Templar  
  199  16:05  Photon Cannon  
Show
View Real Time Build Order
Export as new Build Order

Namshar Zerg 

Build Orders: Hatch First, Lurkers, Roach Hydra 

Get SALT Encoding   

  12  0:00  Drone  
  13  0:12  Overlord  
  13  0:17  Drone  
  14  0:30  Drone  
  15  0:44  Hatchery  
  15  0:47  Drone  
  15  0:51  Drone  
  15  0:55  Drone  
  17  1:09  Spawning Pool  
  16  1:11  Extractor  
  16  1:14  Drone  
  16  1:17  Drone  
  17  1:21  Drone  
  18  1:31  Drone  
  19  1:43  Drone  
  20  1:53  Overlord  
  20  1:56  Queen x2  
  20  1:57  Zergling x2  
  25  2:03  Zergling x2  
  26  2:10  Drone  
  26  2:15  Drone  
  28  2:20  Metabolic Boost  
  28  2:21  Drone  
  29  2:26  Drone  
  29  2:29  Drone  
  31  2:39  Drone  
  32  2:45  Hatchery  
  32  2:46  Overlord  
  31  2:52  Drone  
  31  2:53  Drone  
  31  2:57  Queen  
  35  3:04  Drone  
  36  3:06  Drone x3  
  36  3:09  Overlord  
  39  3:14  Zergling x2  
  39  3:15  Zergling x2  
  39  3:16  Drone  
  42  3:21  Drone x2  
  44  3:36  Queen  
  44  3:37  Spore Crawler  
  44  3:38  Drone, Spore Crawler  
  44  3:40  Queen  
  44  3:41  Drone x2  
  48  3:45  Drone  
  48  3:47  Overlord  
  50  3:50  Overlord  
  50  3:57  Spore Crawler  
  49  4:03  Spore Crawler  
  49  4:05  Drone x5  
  53  4:12  Overlord  
  53  4:14  Drone x4  
  57  4:23  Zergling x8  
  57  4:24  Zergling x2  
  62  4:28  Overlord  
  62  4:32  Roach Warren  
  62  4:33  Queen  
  62  4:35  Drone  
  62  4:38  Extractor  
  63  4:39  Extractor  
  63  4:41  Overlord  
  63  4:42  Zergling x4  
  63  4:43  Drone  
  63  4:44  Drone  
  60  5:03  Zergling x18  
  63  5:11  Drone  
  63  5:12  Drone x4  
  63  5:16  Drone  
  63  5:17  Drone  
  64  5:24  Drone x2  
  64  5:27  Drone x2  
  68  5:32  Lair  
  68  5:34  Drone  
  68  5:35  Drone  
  70  5:38  Drone x3  
  69  5:52  Drone x8  
  74  6:01  Drone x4  
  75  6:07  Evolution Chamber, Drone  
  75  6:08  Drone x2  
  77  6:14  Drone  
  77  6:15  Extractor  
  77  6:18  Hatchery, Extractor  
  76  6:19  Extractor  
  76  6:22  Drone  
  76  6:23  Drone  
  76  6:32  Drone x4  
  80  6:37  Drone x3  
  80  6:38  Glial Reconstitution  
  80  6:39  Zerg Missile Weapons Level 1  
  83  6:40  Drone  
  83  6:42  Hydralisk Den  
  83  6:52  Overlord x3  
  83  7:00  Unknown  
  82  7:02  Queen  
  84  7:08  Pneumatized Carapace  
  84  7:13  Overlord  
  84  7:14  Overlord x2  
  84  7:15  Grooved Spines  
  82  7:17  Zergling x12  
  82  7:18  Hydralisk x6  
  82  7:21  Spore Crawler  
  99  7:24  Drone  
  100  7:34  Hydralisk  
  100  7:35  Hydralisk x6  
  114  7:43  Overseer  
  114  7:45  Overlord  
  114  7:53  Infestation Pit  
  114  7:54  Hydralisk  
  114  7:55  Roach x8  
  125  8:04  Roach x3  
  128  8:15  Roach x9  
  128  8:18  Ravager  
  128  8:19  Ravager  
  147  8:24  Overlord  
  147  8:26  Muscular Augments  
  147  8:39  Overlord x2  
  147  8:40  Overlord x2  
  147  8:42  Queen x2  
  147  8:44  Ravager  
  147  8:47  Hive  
  152  8:49  Unknown  
  152  8:50  Lurker Den, Zerg Missile Weapons Level 2  
  152  8:52  Drone  
  152  8:55  Drone  
  152  8:57  Overlord  
  152  8:59  Drone x3  
  152  9:00  Drone x5  
  160  9:09  Hydralisk x4  
  167  9:22  Hydralisk x5  
  176  9:34  Hydralisk x6  
  184  9:58  Overlord x3  
  184  9:59  Seismic Spines  
  184  10:16  Queen  
  186  10:21  Hatchery  
  186  10:27  Hydralisk  
  186  10:28  Hydralisk x3  
  193  10:30  Lurker x7  
  193  10:35  Lurker x3  
  199  10:36  Lurker  
  200  10:56  Adaptive Talons  
  200  11:05  Hydralisk  
  200  11:06  Hydralisk  
  196  11:16  Overseer, Hydralisk  
  196  11:17  Hydralisk x4  
  198  11:50  Zerg Missile Weapons Level 3  
  198  11:57  Lurker x2  
  200  12:06  Extractor  
  199  12:08  Spine Crawler  
  199  12:09  Spine Crawler  
  199  12:10  Extractor  
  190  12:17  Hydralisk x13  
  186  12:29  Drone x13, Queen  
  146  12:38  Hydralisk x15  
  146  12:39  Hydralisk  
  150  12:47  Overseer, Drone  
  150  12:48  Drone x4  
  150  12:49  Queen  
  148  12:58  Hydralisk x5  
  146  13:05  Lurker x2, Queen  
  157  13:06  Lurker  
  159  13:23  Hydralisk x3  
  159  13:24  Hydralisk x4  
  171  13:41  Lurker x3  
  174  13:47  Drone x3  
  174  13:48  Drone  
  178  13:50  Drone x14  
  182  14:16  Overseer x4  
  169  14:18  Hydralisk  
  169  14:19  Hydralisk x8  
  169  14:23  Drone  
  188  14:28  Overlord  
  188  14:36  Viper x2  
  179  14:46  Hydralisk x7  
  193  14:59  Viper  
  196  15:14  Overseer, Hatchery  
  192  15:27  Overseer  
  177  15:32  Hydralisk x7  
  173  15:41  Hydralisk x10  
Tags
 
Add a new tag
Caveats
  • Supply blocks, unpowered buildings, or Contaminate may cause inaccurate times.
  • Supply counts are checked every 10 seconds.